 Dungeon Crawl Stone Soup version 0.23-a0-417-gf02c810438 (webtiles) character file.

26 LostNumber the Caller (level 2, -5/21 HPs)
             Began as a Mummy Summoner on Nov 11, 2018.
             Shot with an arrow by a centaur (6 damage)
             ... on level 2 of the Dungeon.
             The game lasted 00:02:08 (1322 turns).

LostNumber the Caller (Mummy Summoner)              Turns: 1322, Time: 00:02:09

Health: -5/21      AC:  3    Str: 11    XL:     2   Next: 89%
Magic:  0/6        EV: 12    Int: 14    God:
Gold:   48         SH:  0    Dex: 12    Spells: 4/7 levels left

rFire    x . .     SeeInvis .   g - +0 spear
rCold    + . .     Gourm    .   (no shield)
rNeg     + + +     Faith    .   a - +0 robe
rPois    ∞         Spirit   .   (no helmet)
rElec    .         Reflect  .   e - +0 cloak
rCorr    .         Harm     .   (no gloves)
MR       .....                  (no boots)
Stlth    ++........             (no amulet)
HPRegen  0.07/turn              (no ring)
MPRegen  0.10/turn              (no ring)

@: no status effects
A: no food or potions, fire vulnerability, cold resistance 1, negative energy
resistance 3, torment resistance, unbreathing
a: no special abilities


You were on level 2 of the Dungeon.
You were not hungry.

You visited 1 branch of the dungeon, and saw 2 of its levels.

You collected 48 gold pieces.

Inventory:

Hand Weapons
 f - a +0 dagger
 g - a +0 spear (weapon)
Armour
 a - a +0 robe (worn)
 e - a +0 cloak (worn)
Jewellery
 c - a cursed amulet of inaccuracy {unknown}
 d - a +4 ring of evasion {unknown}
Scrolls
 b - 2 scrolls of random uselessness {unknown}
 h - a scroll of remove curse {unknown}


   Skills:
 + Level 1.0 Fighting
 - Level 1.5 Dodging
 - Level 1.5 Stealth
 + Level 3.1 Spellcasting
 * Level 3.7 Summonings


You had 4 spell levels left.
You knew the following spells:

 Your Spells              Type           Power        Failure   Level  Hunger
a - Summon Small Mammal   Summ           ##..         4%          1    N/A
b - Call Imp              Summ           ##......     7%          2    N/A

Your spell library contained the following spells:

 Spells                   Type           Power        Failure   Level  Hunger
 Call Canine Familiar     Summ           ##......     14%         3    N/A
 Summon Guardian Golem    Hex/Summ       #.......     30%         3    N/A
 Summon Ice Beast         Ice/Summ       #.......     69%         4    N/A
 Summon Lightning Spire   Summ/Air       #.......     69%         4    N/A

Dungeon Overview and Level Annotations

Branches:
Dungeon (2/15)

Altars:


Innate Abilities, Weirdness & Mutations

You do not eat or drink.
Your flesh is vulnerable to fire.
You are immune to poison.
Your flesh is cold resistant. (rC+)
You are immune to negative energy. (rN+++)
You are immune to unholy pain and torment.
You can survive without breathing.


Message History

Your crimson imp blinks!
Unknown command.
You swap places.
The centaur wields a +0 shortbow.
The centaur shoots an arrow.
The arrow hits your white imp!
Your white imp dies!
Your white imp barely misses the centaur.
What are your orders? t - Shout!
Orders for allies: a - Attack new target. r - Retreat! s - Stop attacking. g - Guard the area. f - Follow me.
Anything else - Cancel.
Gang up on whom?
Press: ? - help, Dir - move target cursor, f - centaur
Aim: a centaur, wielding a +0 shortbow (moderately wounded) Attack!
The centaur shoots an arrow.
The arrow hits you.
* * * LOW HITPOINT WARNING * * *
Your white imp barely misses the centaur.
The centaur shoots an arrow.
The arrow hits you.
You die...

#......# #...)..#
#......#
#......#######
#............#
#............#
#.###..).........#
#.....5....###+#.#
#.##5c(@.### #.#
#§###.#. #.#####
#.....#. #....<#
##
#....###########
##.......#
........# #.....#
#..<..# #.....#


You could see a centaur, a friendly crimson imp and a friendly white imp.

Vanquished Creatures
  2 giant cockroaches (D:1)
  7 goblins
  3 bats (D:1)
  3 frilled lizards (D:1)
  2 kobolds (D:1)
  2 rats (D:1)
19 creatures vanquished.

Vanquished Creatures (collateral kills)
  A bat (D:1)
  2 giant cockroaches (D:1)
  2 goblins (D:1)
  2 hobgoblins (D:1)
  2 jackals (D:1)
  A quokka (D:2)
  A rat (D:1)
11 creatures vanquished.

Grand Total: 30 creatures vanquished

Notes
Turn   | Place    | Note
-------+----------+-------------------------------------------
     0 | D:1      | LostNumber the Mummy Summoner began the quest for the Orb.
     0 | D:1      | Reached XP level 1. HP: 13/13 MP: 4/4
   120 | D:1      | Reached XP level 2. HP: 2/20 MP: 2/5
   782 | D:1      | Learned a level 2 spell: Call Imp
  1027 | D:1      | Reached skill level 1 in Fighting
  1248 | D:2      | Noticed a centaur
  1322 | D:2      | HP: 1/21 [centaur/arrow (6)]
  1322 | D:2      | Shot with an arrow by a centaur

Vault maps used:
D:1:      saegor_arrival_simple_b, minmay_door_square, minmay_tripent
D:2:      first_ration, grunt_dithmenos_smoke

Skill      XL: |  1  2 |
---------------+-------+-----
Spellcasting   | 3 |  3.1
Fighting       | 1 |  1.0
Dodging        | |  1.5
Stealth        | |  1.5
Summonings     | |  3.7

Action                   || total
-------------------------++-------
Melee: Unarmed           ||    32
       Spear             ||    43
       Dagger            ||     8
 Cast: Summon Small Mamm ||    16
       Call Imp          ||     7
 Stab: Sleeping          ||     3
       Distracted        ||     1
Armor: Robe              ||    18
Dodge: Dodged            ||    67

Table legend:
 A = Non-vault XP
 B = Vault XP
 C = Vault XP percentage of total XP
 D = Non-vault monster count
 E = Vault monster count
 F = Vault count percentage of total count
                 A         B        C        D         E       F
            +---------+---------+-------+---------+---------+-------
      Total |      36 |       2 |   5.3 |      28 |       2 |   6.7
            +---------+---------+-------+---------+---------+-------
        D:1 |      34 |       2 |   5.6 |      26 |       2 |   7.1
        D:2 |       2 |       0 |   0.0 |       2 |       0 |   0.0
            +---------+---------+-------+---------+---------+-------
